 Dungeon Crawl Stone Soup version 0.28-a0-622-gbaef9634d7 (webtiles) character file.

Game seed: 3243785831838077233

3441 robertstho the Thaumaturge (level 10, -1/70 HPs)
             Began as a Djinni Fire Elementalist on Oct 7, 2021.
             Was an Initiate of Gozag.
             Slain by a gargoyle (22 damage)
             ... on level 6 of the Dungeon.
             The game lasted 00:10:38 (10812 turns).

robertstho the Thaumaturge (DjFE)                  Turns: 10812, Time: 00:10:38

Health: -1/70      AC:  2    Str:  6 (7)  XL:     10   Next: 26%
Gold:   849        EV: 13    Int: 24 (25) God:    Gozag SH:  0 Dex: 20 (21)

rFire   + + .      SeeInvis .   w - +0 trident (venom)
rCold   x . .      Faith    .   (no shield)
rNeg    . . .      Spirit   .   a - +0 robe
rPois   ∞          Reflect  .   (no helmet)
rElec   .          Harm     .   (no cloak)
rCorr   .          Rampage  .   (no gloves)
Will    +....                   (boots unavailable)
Stlth   +++.......              (no amulet)
HPRegen 0.21/turn               g - +6 ring of dexterity
MPRegen 0.00/turn               A - +6 ring of intelligence

@: flying
A: sickness immunity, fire resistance 2, cold vulnerability 1, float, innate
caster, hp casting, extra vitality 1
a: Renounce Religion, Potion Petition, Call Merchant, Bribe Branch


You were on level 6 of the Dungeon.
You worshipped Gozag.
Gozag was pleased with you.
You visited 2 branches of the dungeon, and saw 7 of its levels.

You collected 944 gold pieces.
You paid 95 gold pieces to Gozag.

Inventory:

Hand Weapons
 f - a +0 dagger
 w - a +0 trident of venom (weapon)
Missiles
 v - 2 throwing nets
Armour
 a - a +0 robe (worn)
Jewellery
 g - a +6 ring of dexterity (left hand)
 A - a +6 ring of intelligence (right hand)
 B - a ring of fire
Wands
 k - a wand of mindburst (16)
 p - a wand of digging (4)
Scrolls
 b - 6 scrolls of teleportation {unknown}
 d - 2 scrolls of enchant armour {unknown}
 i - a scroll of fog {unknown}
 j - a scroll of silence {unknown}
 l - a scroll of immolation {unknown}
 m - 10 scrolls of identify {unknown}
 o - 3 scrolls of blinking {unknown}
 r - a scroll of torment {unknown}
 u - 2 scrolls of fear {unknown}
 y - a scroll of vulnerability {unknown}
 C - 2 scrolls of noise {unknown}
Potions
 c - a potion of might
 e - 3 potions of curing
 h - 3 potions of lignification {unknown}
 n - 3 potions of flight {unknown}
 q - 2 potions of brilliance {unknown}
 s - a potion of heal wounds {unknown}
 t - 4 potions of haste
 x - 2 potions of degeneration
 z - a potion of cancellation {unknown}


   Skills:
 * Level 5.0 Fighting
 + Level 0.3 Short Blades
 + Level 2.0 Polearms
 + Level 3.2 Dodging
 + Level 3.6 Stealth
 * Level 9.5 Spellcasting


You had 6 spell levels left.
You knew the following spells:

 Your Spells              Type           Power      Damage    Failure   Level
a - Foxfire               Conj/Fire      100%       2x1d9     1%          1
b - Scorch                Fire           100%       2d10      1%          2
c - Conjure Flame         Conj/Fire      55%        6-21      1%          3
d - Inner Flame           Hex/Fire       55%        N/A       1%          3
e - Flame Wave            Conj/Fire      55%        3d10      1%          4
f - Beastly Appendage     Tmut           100%       N/A       1%          1
g - Slow                  Hex            55%        N/A       1%          2
h - Passwall              Tmut/Erth      45%        N/A       1%          2
i - Animate Armour        Summ/Erth      100%       N/A       1%          4
Your spell library was empty.

Dungeon Overview and Level Annotations

Branches:
Dungeon (6/15)             Temple (1/1) D:4

Altars:
Ashenzari
Cheibriados
Elyvilon
Fedhas
Gozag
Kikubaaqudgha
Qazlal
Ru
Yredelemnul

Shops:
D:4 *


Innate Abilities, Weirdness & Mutations

You are immune to sickness and miasma.
You are immune to poison.
Your flesh is very heat resistant. (rF++)
You are vulnerable to cold. (rC-)
You float through the air rather than walking.
You learn spells naturally, not from books.
Your magical power is your life essence.
You have superior vitality. (+4 HP)


Message History

A gargoyle is nearby!
You reach to attack!
The helpless gargoyle fails to defend itself.
You hit the gargoyle.
The gargoyle is lightly damaged.
The gargoyle hurls a stone arrow at you.
The stone arrow hits you.
You reach to attack!
You closely miss the gargoyle.
The gargoyle is lightly damaged.
The gargoyle hurls a stone arrow at you.
The stone arrow hits you!!
Casting: Flame Wave (dangerous; 1% risk of failure)
Confirm with . or Enter, or press ? or * to list all spells.
The gargoyle barely misses you.
Casting: Animate Armour (dangerous; 1% risk of failure)
Confirm with . or Enter, or press ? or * to list all spells.
Flames lash the gargoyle but do no damage.
The gargoyle closely misses you.
Unknown command.
Casting: Scorch (safe; 1% risk of failure)
Confirm with . or Enter, or press ? or * to list all spells.
Flames lash the gargoyle but do no damage.
The gargoyle hits you with a +0 flail!
Your animated robe hits the gargoyle but does no damage. x2
Unknown command.
It was a potion of degeneration.
There was something very wrong with that liquid.
You feel weakened.
You feel dopey.
You feel clumsy.
The gargoyle hurls a stone arrow at you.
The stone arrow hits you!!
* * * LOW HITPOINT WARNING * * *
Your animated robe barely misses the gargoyle.
Your animated robe hits the gargoyle but does no damage.
It was a potion of curing.
You feel better.
The gargoyle hurls a stone arrow at you.
The stone arrow misses you.
Your animated robe hits the gargoyle but does no damage. x2
You feel better. The gargoyle hits you with a +0 flail!!
You die...
Your body crumbles into a pile of gold.

####### #......
#### #.##### [.#
######.# #9#
#......# #@#
###.###### #.# #.#
#.....# ### #.#
#.###.....###.##
#.#
#..........<:..##
#.#
###.#.....#.....##
## #.#
##..#.............
.# #.#
##.#.#.#.###.....##
.# #.# ##.###..#.#
##...## .# #.####
#.## ##...# ##.##


You could see a gargoyle (ally target) and a friendly animated robe (summoned).

Vanquished Creatures
  Pikel (D:4)
  Grinder (D:3)
  Menkaure (D:6)
  An ice beast (D:5)
  A sky beast (D:5)
  2 necrophages
  2 black bears
  A centaur (D:5)
  3 ogres
  A kobold brigand (D:5)
  A phantom (D:5)
  A lemure (D:4)
  5 scorpions
  A wyvern zombie (D:5)
  5 wights (D:6)
  A howler monkey (D:6)
  A bullfrog zombie (D:5)
  A centaur zombie (D:5)
  A jelly (D:6)
  An orc priest (D:6)
  2 hounds
  2 bullfrog skeletons
  A centaur skeleton (D:5)
  8 iguanas
  Terence (D:3)
  Natasha (thrice) (D:3)
  3 orc wizards
  A scorpion zombie (D:5)
  A killer bee zombie (D:6)
  6 gnolls
  16 adders
  3 river rats (D:5)
  3 shadow imps (D:6)
  2 ufetubi
  An adder zombie (D:5)
  4 worms
  A dart slug (D:4)
  10 orcs
  6 endoplasms
  5 giant cockroaches
  11 goblins
  8 hobgoblins
  3 jackals (D:4)
  4 quokkas
  11 ball pythons
  7 bats
  5 frilled lizards
  9 kobolds
  8 rats
177 creatures vanquished.

Vanquished Creatures (others)
  303 foxfires
303 creatures vanquished.

Grand Total: 480 creatures vanquished

Notes
Turn   | Place    | Note
-------+----------+-------------------------------------------
     0 | D:1      | robertstho the Djinni Fire Elementalist began the quest for
                  | the Orb.
     0 | D:1      | Reached XP level 1. HP: 15/15 MP: 0/0
    26 | D:1      | Reached XP level 2. HP: 6/21 MP: 0/0
   473 | D:1      | Found a faded altar of an unknown god.
   647 | D:1      | Reached skill level 3 in Spellcasting
   846 | D:1      | Reached XP level 3. HP: 23/25 MP: 0/0
   846 | D:1      | Learned a level 1 spell: Beastly Appendage
  1946 | D:2      | Reached XP level 4. HP: 27/31 MP: 0/0
  2413 | D:2      | Reached XP level 5. HP: 24/36 MP: 0/0
  2413 | D:2      | Learned a level 2 spell: Slow
  3171 | D:3      | Reached skill level 4 in Spellcasting
  3360 | D:3      | Found a broken altar of Ashenzari.
  3572 | D:3      | Noticed Terence
  3583 | D:3      | Killed Terence
  3584 | D:3      | Reached skill level 1 in Fighting
  3852 | D:3      | Noticed Grinder
  3862 | D:3      | Killed Grinder
  3863 | D:3      | Reached skill level 5 in Spellcasting
  3863 | D:3      | Reached XP level 6. HP: 17/42 MP: 0/0
  4422 | D:3      | Reached XP level 7. HP: 44/47 MP: 0/0
  4422 | D:3      | Learned a level 2 spell: Passwall
  4576 | D:3      | Noticed Natasha
  4581 | D:3      | Killed Natasha
  4828 | D:3      | Noticed Natasha
  4843 | D:3      | Killed Natasha
  4873 | D:3      | Noticed Natasha
  4880 | D:3      | Killed Natasha
  5355 | D:5      | Entered Level 5 of the Dungeon
  5639 | D:4      | Found a staircase to the Ecumenical Temple.
  5650 | D:4      | Found Xiuzidy's Neck Hole.
  5672 | Temple   | Entered the Ecumenical Temple
  5729 | Temple   | Became a worshipper of Gozag Ym Sagoz the Greedy
  5928 | D:4      | Reached skill level 6 in Spellcasting
  6163 | D:4      | Reached XP level 8. HP: 33/55 MP: 0/0
  6409 | D:4      | Noticed Pikel
  6427 | D:4      | Killed Pikel
  6428 | D:4      | Reached skill level 7 in Spellcasting
  7245 | D:5      | Reached XP level 9. HP: 32/61 MP: 0/0
  7245 | D:5      | Learned a level 4 spell: Animate Armour
  7261 | D:5      | Reached skill level 8 in Spellcasting
  8932 | D:5      | Reached skill level 1 in Polearms
  9563 | D:6      | Reached skill level 9 in Spellcasting
  9564 | D:6      | Reached XP level 10. HP: 41/69 MP: 0/0
  9591 | D:6      | Noticed Menkaure
  9887 | D:6      | Killed Menkaure
 10286 | D:6      | Reached skill level 5 in Fighting
 10801 | D:6      | Noticed a gargoyle
 10812 | D:6      | Slain by a gargoyle

Illustrated notes

Levels and vault maps discovered:
D:1:      lightli_arrival_flooded_house, layout_rooms,
          chequers_ecumenical_altar_simple_redux, minmay_tetromino_o2
D:2:      layout_loops_ring, minivault_19
D:3:      layout_loops_corners, ashenzari_conservatory_becter, uniq_natasha,
          uniq_terence, uniq_grinder
D:4:      layout_gridville, minmay_temple_entry_hall,
          nicolae_shop_sticking_my_neck_out, uniq_pikel
D:5:      cheibrodos_barr_body, layout_layer_cave, serial_glass,
          glass_columns_b, glass_columns_a, glass_columns_b,
          portal_sewer_entry_e, corexii_checkpoint_a, minmay_misc_feat_encased
D:6:      layout_loops_ring, minmay_joined_circles, uniq_menkaure
Temple:   minmay_crystal_spiral_temple

Skill      XL: |  1  2  3  4  5  6  7  8  9 10 |
---------------+-------------------------------+-----
Spellcasting   | 3 5 6 7 9 |  9.5
Stealth        | 2 3 |  3.6
Fighting       | 1 2 3 4 5 |  5.0
Polearms       | 1 2 |  2.0
Dodging        | 3 |  3.2
Short Blades   | |  0.3

Action                   |  1- 3 |  4- 6 |  7- 9 | 10-12 || total
-------------------------+-------+-------+-------+-------++-------
Melee: Unarmed           |     2 |       |       |       ||     2
       Dagger            |       |    10 |    10 |       ||    20
       Trident           |       |       |    25 |    17 ||    42
 Cast: Foxfire           |    91 |    28 |    61 |       ||   180
       Scorch            |       |    47 |    69 |    20 ||   136
       Flame Wave        |       |       |    18 |     7 ||    25
       Animate Armour    |       |       |       |     1 ||     1
  Use: Potion            |       |       |       |     4 ||     4
 Stab: Sleeping          |       |     1 |     2 |     3 ||     6
Armor: Robe              |     7 |     1 |     2 |     1 ||    11
Dodge: Dodged            |    16 |    25 |    60 |    17 ||   118

Table legend: (Time is in decaauts)
 A = Elapsed time spent in this place.
 B = Non-inter-level travel time spent in this place.
 C = Inter-level travel time spent in this place.
 D = Time resting spent in this place.
 E = Time spent auto-exploring this place.
 F = Levels seen in this place.
 G = Mean time per level.
                   A        B        C        D        E       F      G
               +--------+--------+--------+--------+--------+-----+--------+
         Total |  10802 |  10601 |    201 |   1189 |   8327 |   7 | 1543.1 |
       Dungeon |  10707 |  10545 |    162 |   1189 |   8281 |   6 | 1784.5 |
        Temple |     95 |     57 |     38 |      0 |     46 |   1 |   95.0 |
               +--------+--------+--------+--------+--------+-----+--------+

Top non-repeatable levels by time:
     D:5: 2791 daAuts
     D:4: 1941 daAuts
     D:3: 1876 daAuts
     D:1: 1811 daAuts
     D:2: 1346 daAuts
     D:6: 938 daAuts
  Temple: 95 daAuts
